[Event "Klatovy Open-B 2024"]
[Site "Klatovy"]
[Date "2024.06.29"]
[Round "1.1"]
[White "Tykalova, Barbora"]
[Black "Kaderabek, Jiri"]
[Result "0-1"]
[ECO "B07"]
[WhiteElo "1594"]
[BlackElo "1984"]
[Annotator "NA RC"]
[PlyCount "50"]
[EventDate "2024.06.21"]
[EventType "swiss"]
[EventCountry "CZE"]
[SourceTitle "playchess.com"]
[Source "ChessBase"]
[SourceQuality "1"]
[TimeControl "40/7200:0"]

1. e4 d6 2. d4 Nf6 3. f3 c5 4. d5 e6 5. dxe6 Bxe6 6. Nc3 Be7 7. Bf4 O-O 8. Nb5 Ne8 9. Qd2 a6 10. Nc3 Nc6 11. Bd3 b5 12. Nh3 Bxh3 13. gxh3 Bh4+ 14. Kd1 Nd4 15. Qe3 Nc7 16. Rg1 Kh8 17. e5 Re8 18. Bg5 Bxg5 19. Rxg5 Rxe5 20. Rxe5 dxe5 21. Qxe5 c4 22. Nd5 cxd3 23. Nxc7 dxc2+ 24. Kc1 Nb3+ 25. Kxc2 Nxa1+ 0-1

[Event "Klatovy Open-B 2024"]
[Site "Klatovy"]
[Date "2024.06.29"]
[Round "1.2"]
[White "Rezac, Jindrich"]
[Black "Krivka, Lukas"]
[Result "1/2-1/2"]
[ECO "D45"]
[WhiteElo "1875"]
[BlackElo "1587"]
[Annotator "NA RC"]
[PlyCount "76"]
[EventDate "2024.06.21"]
[EventType "swiss"]
[EventCountry "CZE"]
[SourceTitle "playchess.com"]
[Source "ChessBase"]
[SourceQuality "1"]
[TimeControl "40/7200:0"]

1. c4 e6 2. Nc3 Nf6 3. d4 d5 4. e3 c6 5. Nf3 Be7 6. Bd3 O-O 7. O-O dxc4 8. Bxc4 b5 9. Bb3 Bb7 10. Bc2 Nbd7 11. Qe2 a6 12. b3 Nd5 13. Bb2 Qa5 14. a3 N7f6 15. Qd3 Qc7 16. Ng5 h6 17. Nge4 Ng4 18. Ng3 Ngf6 19. h3 Rac8 20. Nge4 g6 21. Rac1 Rfd8 22. Qe2 Nxc3 23. Nxc3 Qd7 24. Rfd1 Nd5 25. Ne4 Nf6 26. Nc5 Qc7 27. Qf3 Nd7 28. Bxg6 fxg6 29. Nxe6 Qd6 30. Qe4 Nf8 31. Nxd8 Rxd8 32. Rc2 Qe6 33. Qxe6+ Nxe6 34. e4 Bf6 35. Rcd2 Bg5 36. Rc2 Bf6 37. Rcd2 Bg5 38. Rc2 Bf6 1/2-1/2

[Event "Klatovy Open-B 2024"]
[Site "Klatovy"]
[Date "2024.06.29"]
[Round "1.3"]
[White "Kolman, Pavel Petr"]
[Black "Lener, Jaroslav"]
[Result "1-0"]
[ECO "B23"]
[WhiteElo "1582"]
[BlackElo "1870"]
[Annotator "NA RC"]
[PlyCount "59"]
[EventDate "2024.06.21"]
[EventType "swiss"]
[EventCountry "CZE"]
[SourceTitle "playchess.com"]
[Source "ChessBase"]
[SourceQuality "1"]
[TimeControl "40/7200:0"]

1. e4 c5 2. Nc3 Nc6 3. Bb5 d6 4. Bxc6+ bxc6 5. d3 g6 6. f4 Bg7 7. Nf3 Bg4 8. O-O Nf6 9. e5 Nd5 10. exd6 Nxc3 11. bxc3 Bxc3 12. dxe7 Qb6 13. Be3 Kxe7 14. Rb1 Qa5 15. Rb7+ Kf8 16. Qb1 Be6 17. a4 Kg7 18. Ng5 Bd5 19. f5 Rhf8 20. Ne6+ Bxe6 21. fxe6 Bf6 22. Qc1 Qc3 23. Bh6+ Kg8 24. Bxf8 Qd4+ 25. Kh1 Rxf8 26. Rxa7 Kg7 27. Qf4 Qd8 28. Qxf6+ Qxf6 29. Rxf6 Kxf6 30. Rxf7+ 1-0

[Event "Klatovy Open-B 2024"]
[Site "Klatovy"]
[Date "2024.06.29"]
[Round "1.4"]
[White "Koper, Stefan"]
[Black "Velkoborsky, Tadeas"]
[Result "1/2-1/2"]
[ECO "D55"]
[WhiteElo "1845"]
[BlackElo "1578"]
[Annotator "NA RC"]
[PlyCount "143"]
[EventDate "2024.06.21"]
[EventType "swiss"]
[EventCountry "CZE"]
[SourceTitle "playchess.com"]
[Source "ChessBase"]
[SourceQuality "1"]
[TimeControl "40/7200:0"]

1. d4 d5 2. c4 e6 3. Nc3 Nf6 4. Nf3 Be7 5. Bg5 O-O 6. e3 Nbd7 7. cxd5 exd5 8. Bd3 c5 9. O-O b6 10. a4 Bb7 11. Rc1 h6 12. Bf4 Nh5 13. Be5 Nxe5 14. Nxe5 cxd4 15. exd4 Nf4 16. Bb1 Bg5 17. Qc2 Ng6 18. Nxg6 fxg6 19. Rcd1 Rf6 20. Ba2 Rc8 21. Qb3 Kh7 22. g3 Rf3 23. Qb5 a6 24. Qe2 Qf6 25. Bxd5 Bxd5 26. Nxd5 Qf5 27. Nc3 a5 28. Qe4 Qf7 29. d5 Re8 30. Qc4 Rf8 31. Ne4 Be7 32. Qd4 Rd8 33. Kg2 Rb3 34. d6 Qf3+ 35. Kg1 Rb4 36. Qe3 Qxe3 37. fxe3 Rxe4 38. dxe7 Rxd1 39. Rxd1 Rxe7 40. Rd3 Re5 41. Kf2 b5 42. b3 h5 43. Kf3 g5 44. e4 Rc5 45. Ke3 b4 46. Kd4 Rc2 47. e5 Rxh2 48. e6 Re2 49. Kd5 Kg8 50. Kd6 Kf8 51. Kd7 g4 52. Rd4 g5 53. Rd5 h4 54. Rf5+ Kg7 55. Rxg5+ Kf6 56. Rxg4 Rxe6 57. Rd4 hxg3 58. Rf4+ Ke5 59. Rg4 Rd6+ 60. Kc7 Rd3 61. Kb6 Rxb3 62. Kxa5 Rd3 63. Rxb4 Rd5+ 64. Kb6 Rd4 65. Rb5+ Kf4 66. a5 g2 67. Rb1 Kg3 68. Rg1 Kf2 69. Rxg2+ Kxg2 70. a6 Ra4 71. a7 Rxa7 72. Kxa7 1/2-1/2

[Event "Klatovy Open-B 2024"]
[Site "Klatovy"]
[Date "2024.06.29"]
[Round "1.5"]
[White "Zelenka, Tomas"]
[Black "Masek, Jan"]
[Result "0-1"]
[ECO "C24"]
[WhiteElo "1575"]
[BlackElo "1839"]
[Annotator "NA RC"]
[PlyCount "42"]
[EventDate "2024.06.21"]
[EventType "swiss"]
[EventCountry "CZE"]
[SourceTitle "playchess.com"]
[Source "ChessBase"]
[SourceQuality "1"]
[TimeControl "40/7200:0"]

1. e4 e5 2. Bc4 Nf6 3. d4 Nxe4 4. dxe5 Nc6 5. Bxf7+ Kxf7 6. Qd5+ Ke8 7. Qxe4 Bb4+ 8. c3 Bc5 9. Nf3 Qe7 10. O-O Qe6 11. Ng5 Qxe5 12. Qxe5+ Nxe5 13. Re1 d6 14. Bf4 Rf8 15. Bg3 Kd8 16. Ne4 Bb6 17. Rd1 Bg4 18. Rf1 Nd3 19. Ng5 Rf5 20. Ne6+ Kd7 21. Nxg7 Rg5 0-1

[Event "Klatovy Open-B 2024"]
[Site "Klatovy"]
[Date "2024.06.29"]
[Round "1.8"]
[White "Chmelik, Ladislav"]
[Black "Kvaca, Frantisek"]
[Result "1-0"]
[ECO "B32"]
[WhiteElo "1795"]
[BlackElo "1558"]
[Annotator "NA RC"]
[PlyCount "39"]
[EventDate "2024.06.21"]
[EventType "swiss"]
[EventCountry "CZE"]
[SourceTitle "playchess.com"]
[Source "ChessBase"]
[SourceQuality "1"]
[TimeControl "40/7200:0"]

1. e4 c5 2. Nf3 Nc6 3. d4 cxd4 4. Nxd4 e5 5. Nb5 a6 6. Nd6+ Bxd6 7. Qxd6 Qe7 8. Qxe7+ Ngxe7 9. c3 d5 10. exd5 Nxd5 11. Bc4 Be6 12. O-O O-O-O 13. Na3 f6 14. Re1 Na5 15. Be2 Bf7 16. c4 Nb6 17. Be3 Nd7 18. Bg4 Kb8 19. Red1 Be8 20. Bb6 1-0

[Event "Klatovy Open-B 2024"]
[Site "Klatovy"]
[Date "2024.06.29"]
[Round "1.9"]
[White "Souralova, Jana"]
[Black "Beran, Jakub"]
[Result "1/2-1/2"]
[ECO "B72"]
[WhiteElo "1557"]
[BlackElo "1791"]
[Annotator "NA RC"]
[PlyCount "85"]
[EventDate "2024.06.21"]
[EventType "swiss"]
[EventCountry "CZE"]
[SourceTitle "playchess.com"]
[Source "ChessBase"]
[SourceQuality "1"]
[TimeControl "40/7200:0"]

1. e4 c5 2. Nf3 Nc6 3. d4 cxd4 4. Nxd4 d6 5. Nc3 g6 6. Be3 Bg7 7. Bc4 Nf6 8. Qd2 O-O 9. O-O Bd7 10. h3 a6 11. a3 Rc8 12. Ba2 Qc7 13. Rac1 Rcd8 14. Rfd1 Rfe8 15. Qe2 b5 16. Nf3 Rf8 17. Qd2 Qb7 18. Bh6 a5 19. Bxg7 Kxg7 20. Re1 Ne5 21. Nxe5 dxe5 22. Qg5 Qc7 23. Nd5 Nxd5 24. Bxd5 e6 25. Bb3 Bc6 26. Qe3 Rd4 27. Rcd1 Rfd8 28. Rxd4 Rxd4 29. f3 Qd6 30. c3 Rd2 31. Re2 Rxe2 32. Qxe2 Qc5+ 33. Qf2 Qxf2+ 34. Kxf2 Kf6 35. Bc2 Kg5 36. b4 axb4 37. axb4 f5 38. Ke3 Kf6 39. Bd3 Ke7 40. c4 bxc4 41. Bxc4 Kd6 42. Kd3 Bb7 43. Bb3 1/2-1/2

[Event "Klatovy Open-B 2024"]
[Site "Klatovy"]
[Date "2024.06.29"]
[Round "1.10"]
[White "Marko, Ondrej"]
[Black "Bubela, Alexander Georg"]
[Result "1-0"]
[ECO "D37"]
[WhiteElo "1786"]
[BlackElo "1549"]
[Annotator "NA RC"]
[PlyCount "55"]
[EventDate "2024.06.21"]
[EventType "swiss"]
[EventCountry "CZE"]
[SourceTitle "playchess.com"]
[Source "ChessBase"]
[SourceQuality "1"]
[TimeControl "40/7200:0"]

1. d4 Nf6 2. Nf3 e6 3. c4 d5 4. e3 Be7 5. Nc3 O-O 6. Bd3 Nbd7 7. b3 Bb4 8. Bd2 Qe7 9. O-O Re8 10. Nb5 Bxd2 11. Qxd2 Nf8 12. Rac1 c6 13. Nc3 Ng6 14. Bxg6 hxg6 15. c5 a5 16. Na4 Ne4 17. Qc2 Bd7 18. Nb6 Ra6 19. Ne5 Nf6 20. Qe2 Rd8 21. Rc2 Be8 22. g4 Qc7 23. Na4 Nd7 24. f4 f6 25. Nf3 e5 26. fxe5 fxe5 27. Ng5 Nf8 28. Rxf8+ 1-0

[Event "Klatovy Open-B 2024"]
[Site "Klatovy"]
[Date "2024.06.29"]
[Round "1.11"]
[White "Babicky, Jan"]
[Black "Spackova, Martina"]
[Result "1/2-1/2"]
[ECO "C29"]
[WhiteElo "1542"]
[BlackElo "1777"]
[Annotator "NA RC"]
[PlyCount "69"]
[EventDate "2024.06.21"]
[EventType "swiss"]
[EventCountry "CZE"]
[SourceTitle "playchess.com"]
[Source "ChessBase"]
[SourceQuality "1"]
[TimeControl "40/7200:0"]

1. e4 e5 2. Nc3 Nf6 3. f4 d5 4. fxe5 Nxe4 5. Qf3 Nxc3 6. dxc3 Qh4+ 7. g3 Qe4+ 8. Qxe4 dxe4 9. Bf4 h6 10. Bc4 g5 11. Be3 Bf5 12. O-O-O Bg7 13. Bd4 O-O 14. Ne2 Nc6 15. Bd5 Rfe8 16. Rhf1 Bg6 17. e6 fxe6 18. Bxc6 bxc6 19. Bxg7 Kxg7 20. Rd7+ Kg8 21. Rf6 Bh5 22. Nd4 Rf8 23. Rxh6 e3 24. b3 Rf1+ 25. Kb2 Bf7 26. Rxc7 e5 27. Ne2 Re1 28. Nc1 Rxc1 29. Kxc1 Rd8 30. Rf6 Bh5 31. Rf5 e2 32. Rxg5+ Kf8 33. Rf5+ Kg8 34. Rg5+ Kf8 35. Kb2 1/2-1/2

[Event "Klatovy Open-B 2024"]
[Site "Klatovy"]
[Date "2024.06.29"]
[Round "1.12"]
[White "Zbanek, Jan"]
[Black "Mojzisova, Barbora"]
[Result "0-1"]
[ECO "C25"]
[WhiteElo "1775"]
[BlackElo "1535"]
[Annotator "NA RC"]
[PlyCount "28"]
[EventDate "2024.06.21"]
[EventType "swiss"]
[EventCountry "CZE"]
[SourceTitle "playchess.com"]
[Source "ChessBase"]
[SourceQuality "1"]
[TimeControl "40/7200:0"]

1. e4 e5 2. Nc3 Nc6 3. Bc4 Bc5 4. Qg4 Kf8 5. Nge2 d5 6. Qg3 dxc4 7. O-O Nf6 8. Kh1 Nh5 9. Qf3 Qh4 10. h3 g5 11. g4 Nf4 12. Nxf4 gxf4 13. Ne2 h5 14. gxh5 Bxh3 0-1

[Event "Klatovy Open-B 2024"]
[Site "Klatovy"]
[Date "2024.06.29"]
[Round "1.13"]
[White "Strihavka, Petr"]
[Black "Pucholt, Martin"]
[Result "1-0"]
[ECO "B43"]
[WhiteElo "1518"]
[BlackElo "1752"]
[Annotator "NA RC"]
[PlyCount "89"]
[EventDate "2024.06.21"]
[EventType "swiss"]
[EventCountry "CZE"]
[SourceTitle "playchess.com"]
[Source "ChessBase"]
[SourceQuality "1"]
[TimeControl "40/7200:0"]

1. e4 c5 2. Nf3 e6 3. d4 cxd4 4. Nxd4 a6 5. Nc3 Qc7 6. Be3 Nf6 7. Be2 Bb4 8. Bd2 Bxc3 9. Bxc3 Nxe4 10. Qd3 Nxc3 11. bxc3 O-O 12. O-O Nc6 13. Nxc6 dxc6 14. Qh3 e5 15. Qg3 Be6 16. Bd3 f5 17. Rfe1 Rf6 18. Rxe5 Raf8 19. a4 Qf7 20. Rae1 Rg6 21. Qf4 Rg4 22. Qe3 Bd5 23. f3 f4 24. Qf2 Rg6 25. Bxg6 Qxg6 26. Re7 b5 27. a5 h5 28. Ra7 c5 29. Ree7 Rf7 30. Re8+ Kh7 31. Rxf7 Qxf7 32. Re5 Bc4 33. Qxc5 Qd7 34. Rxh5+ Kg8 35. Qd4 Qc7 36. Qb6 Qe7 37. Qb8+ Kf7 38. Qxf4+ Kg8 39. Qb8+ Kf7 40. Rf5+ Kg6 41. Qe5 Qa7+ 42. Qc5 Qd7 43. Rg5+ Kf6 44. Qe5+ Kf7 45. Rxg7+ 1-0

[Event "Klatovy Open-B 2024"]
[Site "Klatovy"]
[Date "2024.06.29"]
[Round "1.14"]
[White "Studnicka, Ondrej"]
[Black "Koutecky, Vaclav"]
[Result "1-0"]
[ECO "C24"]
[WhiteElo "1748"]
[BlackElo "2060"]
[Annotator "RC"]
[PlyCount "39"]
[EventDate "2024.06.21"]
[EventType "swiss"]
[EventCountry "CZE"]
[SourceTitle "playchess.com"]
[Source "ChessBase"]
[SourceQuality "1"]
[TimeControl "40/7200:0"]

1. e4 e5 2. Nf3 Nc6 3. Bc4 Nf6 4. d3 d5 5. exd5 Nxd5 6. O-O Bg4 7. h3 Bxf3 8. Qxf3 Nf6 9. c3 Be7 10. Bg5 O-O 11. Nd2 e4 12. dxe4 Ne5 13. Qe2 Nxc4 14. Nxc4 Re8 15. Rad1 Qc8 16. e5 Nd7 17. Bxe7 Rxe7 18. f4 f6 19. e6 Qd8 20. Qg4 1-0

[Event "Klatovy Open-B 2024"]
[Site "Klatovy"]
[Date "2024.06.30"]
[Round "2.1"]
[White "Kaderabek, Jiri"]
[Black "Stanke, Petr"]
[Result "1-0"]
[ECO "A10"]
[WhiteElo "1984"]
[BlackElo "1683"]
[Annotator "NA RC"]
[PlyCount "37"]
[EventDate "2024.06.21"]
[EventType "swiss"]
[EventCountry "CZE"]
[SourceTitle "playchess.com"]
[Source "ChessBase"]
[SourceQuality "1"]
[TimeControl "40/7200:0"]

1. c4 f5 2. Nf3 Nf6 3. d3 e6 4. g3 Be7 5. Bg2 d5 6. O-O O-O 7. Bf4 c6 8. Qc2 Nh5 9. Be5 Nd7 10. Bc3 Bd6 11. e4 Qc7 12. Nd4 Ndf6 13. cxd5 exd5 14. exf5 Be5 15. Na3 a6 16. Ne6 Bxe6 17. fxe6 Rfe8 18. Rae1 Rxe6 19. d4 1-0

[Event "Klatovy Open-B 2024"]
[Site "Klatovy"]
[Date "2024.06.30"]
[Round "2.2"]
[White "Masek, Jan"]
[Black "Stastny, Matej"]
[Result "1-0"]
[ECO "B12"]
[WhiteElo "1839"]
[BlackElo "1674"]
[Annotator "NA RC"]
[PlyCount "29"]
[EventDate "2024.06.21"]
[EventType "swiss"]
[EventCountry "CZE"]
[SourceTitle "playchess.com"]
[Source "ChessBase"]
[SourceQuality "1"]
[TimeControl "40/7200:0"]

1. e4 c6 2. d4 d5 3. e5 c5 4. Nf3 Nc6 5. Bb5 Bg4 6. Be3 cxd4 7. Qxd4 e6 8. Qxg4 Nge7 9. O-O Ng6 10. Qa4 Qc7 11. Nd4 Ngxe5 12. f4 Ng4 13. Nxc6 Nxe3 14. Rf3 Bc5 15. Nd4+ 1-0

[Event "Klatovy Open-B 2024"]
[Site "Klatovy"]
[Date "2024.06.30"]
[Round "2.3"]
[White "Sova, Zdenek"]
[Black "Janouskova, Eliska"]
[Result "0-1"]
[ECO "A32"]
[WhiteElo "1822"]
[BlackElo "1670"]
[Annotator "NA RC"]
[PlyCount "56"]
[EventDate "2024.06.21"]
[EventType "swiss"]
[EventCountry "CZE"]
[SourceTitle "playchess.com"]
[Source "ChessBase"]
[SourceQuality "1"]
[TimeControl "40/7200:0"]

1. Nf3 c5 2. c4 Nf6 3. Nc3 e6 4. d4 cxd4 5. Nxd4 d6 6. e3 Be7 7. Bd3 O-O 8. O-O a6 9. b3 Qc7 10. Bb2 Nbd7 11. Rc1 Nc5 12. Bb1 b6 13. Qe2 Bb7 14. f3 Rfd8 15. Kh1 Rac8 16. Nd1 Qb8 17. Nf2 d5 18. cxd5 Rxd5 19. e4 Rh5 20. Nh3 Bd6 21. Nc2 Bxh2 22. Bxf6 gxf6 23. f4 Rxh3 24. gxh3 Bxf4 25. Qg4+ Bg5 26. h4 Bxe4+ 27. Kg1 h5 28. Qxh5 Qg3# 0-1

[Event "Klatovy Open-B 2024"]
[Site "Klatovy"]
[Date "2024.06.30"]
[Round "2.4"]
[White "Vrzal, Vaclav"]
[Black "Chmelik, Ladislav"]
[Result "0-1"]
[ECO "B01"]
[WhiteElo "1682"]
[BlackElo "1795"]
[Annotator "NA RC"]
[PlyCount "48"]
[EventDate "2024.06.21"]
[EventType "swiss"]
[EventCountry "CZE"]
[SourceTitle "playchess.com"]
[Source "ChessBase"]
[SourceQuality "1"]
[TimeControl "40/7200:0"]

1. e4 d5 2. exd5 Qxd5 3. Nf3 Bg4 4. Be2 Nf6 5. d4 e6 6. h3 Bh5 7. c4 Bb4+ 8. Nc3 Bxc3+ 9. bxc3 Qa5 10. Qb3 Qb6 11. O-O O-O 12. Re1 Nbd7 13. Ba3 Rfe8 14. Ne5 Bxe2 15. Rxe2 Nxe5 16. Rxe5 Nd7 17. Rb5 Qc6 18. Rxb7 Nb6 19. c5 Qxb7 20. cxb6 axb6 21. f4 Qa6 22. Bb4 Qe2 23. Rf1 Rxa2 24. Qd1 Qxg2# 0-1

[Event "Klatovy Open-B 2024"]
[Site "Klatovy"]
[Date "2024.06.30"]
[Round "2.5"]
[White "Trejbal, Jindrich"]
[Black "Marko, Ondrej"]
[Result "1-0"]
[ECO "C41"]
[WhiteElo "1953"]
[BlackElo "1786"]
[Annotator "RC"]
[PlyCount "105"]
[EventDate "2024.06.21"]
[EventType "swiss"]
[EventCountry "CZE"]
[SourceTitle "playchess.com"]
[Source "ChessBase"]
[SourceQuality "1"]
[TimeControl "40/7200:0"]

1. e4 d6 2. Nf3 Nf6 3. Nc3 e5 4. d4 exd4 5. Nxd4 h6 6. Be2 Nc6 7. Be3 Be7 8. h3 Nxd4 9. Qxd4 Bd7 10. O-O-O c5 11. Qd2 a6 12. f4 b5 13. e5 b4 14. Nd5 Nxd5 15. Qxd5 Be6 16. Qc6+ Bd7 17. Qe4 O-O 18. exd6 Bf6 19. Bd3 g6 20. h4 Re8 21. Qf3 h5 22. f5 Rxe3 23. Qxe3 Bxh4 24. Rxh4 Qxh4 25. fxg6 fxg6 26. Bxg6 Kg7 27. Qe7+ Qxe7 28. dxe7 Kxg6 29. Rxd7 Re8 30. Kd2 Kf7 31. Kd3 Ke6 32. Ra7 Kd5 33. Ke3 Ke5 34. Kf3 c4 35. Rd7 a5 36. c3 bxc3 37. bxc3 a4 38. Rd4 Kf5 39. Re4 a3 40. Ke3 Kg5 41. Kd4 Kf5 42. Re2 Kf6 43. Kxc4 Kf7 44. Kd5 Rxe7 45. Rxe7+ Kxe7 46. Kc6 Kf6 47. Kd6 Kf5 48. c4 Kg4 49. c5 Kg3 50. c6 Kxg2 51. c7 h4 52. c8=Q h3 53. Qg4+ 1-0

[Event "Klatovy Open-B 2024"]
[Site "Klatovy"]
[Date "2024.06.30"]
[Round "2.6"]
[White "Slansky, Jachym"]
[Black "Studnicka, Ondrej"]
[Result "1-0"]
[ECO "B25"]
[WhiteElo "1665"]
[BlackElo "1748"]
[Annotator "NA RC"]
[PlyCount "65"]
[EventDate "2024.06.21"]
[EventType "swiss"]
[EventCountry "CZE"]
[SourceTitle "playchess.com"]
[Source "ChessBase"]
[SourceQuality "1"]
[TimeControl "40/7200:0"]

1. e4 c5 2. Nc3 Nc6 3. g3 Nf6 4. Bg2 g6 5. d3 Bg7 6. f4 d6 7. Nf3 O-O 8. O-O Bd7 9. h3 Rb8 10. g4 Nxg4 11. hxg4 Bxg4 12. Ne2 Qd7 13. c3 e5 14. Qe1 f5 15. Qh4 Bf6 16. Qh2 Rbe8 17. Ng3 Bg7 18. Bh3 fxe4 19. Nxe4 Bxh3 20. Nfg5 exf4 21. Qxh3 Qxh3 22. Nxh3 Be5 23. Bxf4 Rd8 24. Bh6 Rxf1+ 25. Rxf1 Ne7 26. Nf6+ Bxf6 27. Rxf6 Nf5 28. Bg5 Re8 29. Nf4 Kg7 30. Kf2 h6 31. Rxg6+ Kh7 32. Bf6 Re6 33. Kf3 1-0

[Event "Klatovy Open-B 2024"]
[Site "Klatovy"]
[Date "2024.06.30"]
[Round "2.7"]
[White "Tejnor, Martin"]
[Black "Jelinek, Jan"]
[Result "1/2-1/2"]
[ECO "D02"]
[WhiteElo "1732"]
[BlackElo "1662"]
[Annotator "NA RC"]
[PlyCount "109"]
[EventDate "2024.06.21"]
[EventType "swiss"]
[EventCountry "CZE"]
[SourceTitle "playchess.com"]
[Source "ChessBase"]
[SourceQuality "1"]
[TimeControl "40/7200:0"]

1. e4 c5 2. Nf3 e6 3. d4 d5 4. exd5 exd5 5. dxc5 Bxc5 6. Nd4 Qb6 7. Bb5+ Nc6 8. Qe2+ Nge7 9. Nb3 Bxf2+ 10. Qxf2 Qxb5 11. Nc3 Qc4 12. Be3 Bg4 13. h3 Bh5 14. g4 Bg6 15. O-O-O O-O 16. Nd4 Nb4 17. a3 Na2+ 18. Nxa2 Qxa2 19. Nb3 Rfc8 20. Bc5 b6 21. Bxe7 Bxc2 22. Qxc2 Rxc2+ 23. Kxc2 Rc8+ 24. Bc5 Rxc5+ 25. Nxc5 bxc5 26. Rhe1 f6 27. Re8+ Kf7 28. Rde1 Kg6 29. R1e7 a6 30. Rg8 Qc4+ 31. Kb1 Qd3+ 32. Ka1 Qd1+ 33. Ka2 Kg5 34. Rgxg7+ Kf4 35. Rgf7 Qd4 36. Re6 Kg3 37. Rexf6 Kxh3 38. Rxh7+ Kg3 39. Rhf7 Qc4+ 40. Ka1 d4 41. Rf3+ Kh4 42. Rh7+ Kg5 43. Rf5+ Kxg4 44. Rf6 d3 45. Rg7+ Kh5 46. Rd6 Qc1+ 47. Ka2 c4 48. Rc7 Qc2 49. Rc5+ Kg4 50. Rd4+ Kf3 51. Rcxc4 Qe2 52. Rc3 Qe6+ 53. Kb1 Qe1+ 54. Ka2 Qe6+ 55. Kb1 1/2-1/2

[Event "Klatovy Open-B 2024"]
[Site "Klatovy"]
[Date "2024.06.30"]
[Round "2.8"]
[White "Mascak, Milan"]
[Black "Lickova, Anna"]
[Result "0-1"]
[ECO "D02"]
[WhiteElo "1662"]
[BlackElo "1725"]
[Annotator "NA RC"]
[PlyCount "80"]
[EventDate "2024.06.21"]
[EventType "swiss"]
[EventCountry "CZE"]
[SourceTitle "playchess.com"]
[Source "ChessBase"]
[SourceQuality "1"]
[TimeControl "40/7200:0"]

1. Nf3 d5 2. d4 c5 3. e3 e6 4. c3 Nc6 5. Bd3 c4 6. Bc2 Bd6 7. Nbd2 Nf6 8. O-O O-O 9. Re1 Re8 10. Qe2 e5 11. dxe5 Bxe5 12. Nxe5 Nxe5 13. h3 Qc7 14. Nf3 Nxf3+ 15. Qxf3 b6 16. Rd1 Bb7 17. Rd4 Qe5 18. Rf4 Qe7 19. Qe2 Qd6 20. Bd2 Qxf4 21. e4 Qd6 22. Be3 Nxe4 23. Rd1 Qe6 24. Rd4 Rad8 25. Qd1 Qe7 26. Ba4 Rf8 27. Qg4 f5 28. Qf3 Rd6 29. Bf4 Re6 30. Bc2 b5 31. Qh5 Qf7 32. Qf3 a5 33. h4 b4 34. h5 bxc3 35. bxc3 Rb6 36. h6 Rb2 37. hxg7 Qxg7 38. Bxe4 fxe4 39. Qe3 Qg4 40. Bg3 Rb1+ 0-1

[Event "Klatovy Open-B 2024"]
[Site "Klatovy"]
[Date "2024.06.30"]
[Round "2.9"]
[White "Svejdar, Pavel"]
[Black "Devera, Filip"]
[Result "1-0"]
[ECO "C01"]
[WhiteElo "1721"]
[BlackElo "1641"]
[Annotator "NA RC"]
[PlyCount "73"]
[EventDate "2024.06.21"]
[EventType "swiss"]
[EventCountry "CZE"]
[SourceTitle "playchess.com"]
[Source "ChessBase"]
[SourceQuality "1"]
[TimeControl "40/7200:0"]

1. e4 e6 2. Nf3 d5 3. exd5 exd5 4. d4 Nc6 5. Be2 Bd6 6. Nc3 Nge7 7. Nb5 Bb4+ 8. Nc3 Bf5 9. Bg5 f6 10. Be3 Qd7 11. a3 Bd6 12. Nb5 g5 13. Nxd6+ Qxd6 14. Nd2 h5 15. b4 Bg6 16. Nb3 b6 17. Qd2 O-O-O 18. Ba6+ Kd7 19. Bb5 Rde8 20. O-O-O a6 21. Bd3 Nf5 22. Rde1 Re7 23. Bxf5+ Bxf5 24. f4 Rhe8 25. fxg5 fxg5 26. g3 g4 27. Rhf1 Qg6 28. Rf2 Bxc2 29. Qc3 Bxb3 30. Qxb3 Kd6 31. Bf4+ Kd7 32. Qxd5+ Kc8 33. Rxe7 Rxe7 34. Rc2 Re1+ 35. Kb2 Qd3 36. Qxc6 Qxd4+ 37. Qc3 1-0

[Event "Klatovy Open-B 2024"]
[Site "Klatovy"]
[Date "2024.06.30"]
[Round "2.10"]
[White "Bukvaj, Jan"]
[Black "Vavrousek, Petr"]
[Result "1-0"]
[ECO "D15"]
[WhiteElo "1652"]
[BlackElo "1710"]
[Annotator "NA RC"]
[PlyCount "95"]
[EventDate "2024.06.21"]
[EventType "swiss"]
[EventCountry "CZE"]
[SourceTitle "playchess.com"]
[Source "ChessBase"]
[SourceQuality "1"]
[TimeControl "40/7200:0"]

1. c4 c6 2. Nf3 Nf6 3. Nc3 d5 4. d4 a6 5. Bf4 dxc4 6. e3 b5 7. b3 Qa5 8. Qd2 Nd5 9. Nxd5 Qxd2+ 10. Nxd2 cxd5 11. bxc4 dxc4 12. a4 Bb7 13. axb5 axb5 14. Rxa8 Bxa8 15. Bxb8 e6 16. Ba7 Bb4 17. Bc5 Bxc5 18. dxc5 O-O 19. Nf3 Rc8 20. Kd2 Rxc5 21. Kc3 Bc6 22. Be2 f6 23. Rd1 Kf7 24. Kb4 Rf5 25. Rd6 Be8 26. g4 Ke7 27. Rxe6+ Kxe6 28. Nd4+ Ke5 29. Nxf5 g6 30. Nd4 Ke4 31. Kc3 Kd5 32. Bf3+ Kc5 33. Nc2 Bd7 34. Nb4 Bc8 35. h4 g5 36. hxg5 fxg5 37. Be2 Bb7 38. f4 h6 39. f5 Bc8 40. e4 Bb7 41. e5 Bc8 42. Bf3 h5 43. e6 h4 44. e7 Bd7 45. Bc6 Kd6 46. e8=Q Bxe8 47. Bxe8 Ke5 48. Bxb5 1-0

[Event "Klatovy Open-B 2024"]
[Site "Klatovy"]
[Date "2024.06.30"]
[Round "2.11"]
[White "Vavrinkova, Jitka"]
[Black "Rektor, David"]
[Result "1/2-1/2"]
[ECO "B12"]
[WhiteElo "1707"]
[BlackElo "1625"]
[Annotator "NA RC"]
[PlyCount "62"]
[EventDate "2024.06.21"]
[EventType "swiss"]
[EventCountry "CZE"]
[SourceTitle "playchess.com"]
[Source "ChessBase"]
[SourceQuality "1"]
[TimeControl "40/7200:0"]

1. e4 c6 2. d4 d5 3. e5 c5 4. c3 Nc6 5. Nf3 Bg4 6. Be2 e6 7. Be3 cxd4 8. cxd4 Nge7 9. Nbd2 Qb6 10. Nb3 Nf5 11. O-O a5 12. a4 Bb4 13. h3 Bxf3 14. Bxf3 O-O 15. Bg4 Nce7 16. Qd3 Rfc8 17. Rfc1 Rxc1+ 18. Rxc1 Nxe3 19. fxe3 Rc8 20. Rxc8+ Nxc8 21. Nd2 Qc6 22. b3 Qc1+ 23. Nf1 Qc6 24. Bf3 Ne7 25. Ng3 g6 26. Kf2 Qc1 27. Qd1 Qc3 28. Ne2 Qb2 29. Qd3 Nf5 30. e4 dxe4 31. Bxe4 b6 1/2-1/2

[Event "Klatovy Open-B 2024"]
[Site "Klatovy"]
[Date "2024.06.30"]
[Round "2.12"]
[White "Cervenka, Jakub"]
[Black "Vo, Daniel"]
[Result "1-0"]
[ECO "B92"]
[WhiteElo "1638"]
[BlackElo "1705"]
[Annotator "NA RC"]
[PlyCount "109"]
[EventDate "2024.06.21"]
[EventType "swiss"]
[EventCountry "CZE"]
[SourceTitle "playchess.com"]
[Source "ChessBase"]
[SourceQuality "1"]
[TimeControl "40/7200:0"]

1. e4 c5 2. Nf3 d6 3. d4 cxd4 4. Nxd4 Nf6 5. Nc3 a6 6. Be2 e5 7. Nb3 Be7 8. O-O Be6 9. a4 O-O 10. Nd2 Nbd7 11. f3 Nh5 12. Nc4 Qc7 13. Nd5 Bxd5 14. Qxd5 Nf4 15. Bxf4 exf4 16. c3 Ne5 17. Kh1 Rac8 18. Na5 b6 19. Nb3 a5 20. Nd4 Qc5 21. Nf5 Rc7 22. Rad1 Rd8 23. Rd2 g6 24. Qxc5 bxc5 25. Nxe7+ Rxe7 26. Rfd1 Rb7 27. Bb5 Rb6 28. Rd5 f6 29. Rxc5 Kf7 30. Rc7+ Ke6 31. Rxh7 Nd7 32. Bc4+ d5 33. Bxd5+ Kd6 34. Bc4+ Kc7 35. Bb5 Rd6 36. Rxd7+ R8xd7 37. Re1 Rd1 38. Rg1 Rxg1+ 39. Kxg1 Rd1+ 40. Kf2 Rd2+ 41. Kf1 Rxb2 42. c4 Kb6 43. g3 g5 44. Kg1 fxg3 45. hxg3 Kc5 46. f4 Kd4 47. e5 fxe5 48. fxg5 Kc5 49. g6 Rd2 50. Be8 Rd4 51. Kh2 Kd6 52. Kh3 e4 53. g7 e3 54. Bh5 Rg4 55. Bxg4 1-0